 Dungeon Crawl Stone Soup version 0.21.0-24-g2553a33 (webtiles) character file.

2 Monsterracer the Cudgeler (level 1, -2/12 HPs)
             Began as a Tengu Warper on Jan 20, 2018.
             Slain by a kobold
             ... wielding a +4 short sword
              (7 damage)
             ... on level 1 of the Dungeon.
             The game lasted 00:00:13 (215 turns).

Monsterracer the Cudgeler (Tengu Warper)             Turns: 215, Time: 00:00:13

Health: -2/12      AC:  3    Str: 11    XL:     1   Next: 40%
Magic:  4/4        EV: 12    Int: 13    God:
Gold:   0          SH:  0    Dex: 13    Spells: 4/4 levels left

rFire    . . .     SeeInvis .   a - +0 mace
rCold    . . .     Gourm    .   (no shield)
rNeg     . . .     Faith    .   b - +0 leather armour
rPois    .         Spirit   .   (helmet restricted)
rElec    .         Reflect  .   (no cloak)
rCorr    .         Harm     .   (no gloves)
MR       .....                  (boots unavailable)
Stlth    +.........             (no amulet)
HPRegen  0.04/turn              (no ring)
MPRegen  0.09/turn              (no ring)

@: no status effects
A: beak, talons 3
a: no special abilities


You were on level 1 of the Dungeon.
You were not hungry.

You visited 1 branch of the dungeon, and saw 1 of its levels.

Inventory:

Hand Weapons
 a - a +0 mace (weapon)
Missiles
 e - 5 tomahawks of dispersal (quivered)
Armour
 b - a +0 leather armour (worn)
Scrolls
 d - a scroll of blinking
Books
 f - a book of Spatial Translocations

   Spells                             Type                      Level
   a - Blink                          Translocation                2
   b - Shroud of Golubria             Charms/Translocation         2
   c - Lesser Beckoning               Translocation                3
   d - Gell's Gravitas                Translocation                3
   e - Teleport Other                 Translocation                3
   f - Passage of Golubria            Translocation                4
Comestibles
 c - a ration


   Skills:
 - Level 2.0 Fighting
 + Level 2.5 Maces & Flails
 - Level 1.0 Throwing
 - Level 1.1 Armour
 - Level 2.1 Dodging
 - Level 2.0 Spellcasting
   Level 2.4 Translocations


You had 4 spell levels left.
You didn't know any spells.

Dungeon Overview and Level Annotations

Branches:
Dungeon (1/15)

Altars:


Innate Abilities, Weirdness & Mutations

You have a beak for a mouth.
You have claws for feet.


Message History

c - a ration;
f - a book of Spatial Translocations Welcome, Monsterracer the Tengu Warper.
The bosom of this dungeon contains the fabled artefact, the Orb of Zot.
Press ? for a list of commands and other information.
Found two stairs.
A hobgoblin comes into view. It is wielding a club.
The hobgoblin shouts!
A hobgoblin is nearby!
You hit the hobgoblin but do no damage.
You claw the hobgoblin, but do no damage.
The hobgoblin hits you with a club. x2
* * * LOW HITPOINT WARNING * * *
You take 8 damage, and have 4/12 hp.
MASSIVE DAMAGE!!
You barely miss the hobgoblin. The hobgoblin barely misses you.
You hit the hobgoblin. You claw the hobgoblin.
You kill the hobgoblin!
You see here a club.
Key pressed, stopping explore.
HP restored.
Found a hand axe.
Health restored: 12 A kobold comes into view.
It is wielding an enchanted short sword.
The kobold shouts!
The kobold throws a stone.
The stone misses you.
You see here a stone.
A kobold is nearby!
A goblin comes into view. It is wielding a club.
The kobold throws a stone.
The stone barely misses you.
The kobold throws a stone.
The stone hits you.
You take 5 damage, and have 7/12 hp.
MASSIVE DAMAGE!!
You are too injured to fight recklessly!
You are too injured to fight recklessly!
You are too injured to fight recklessly!
You are too injured to fight recklessly!
The kobold throws a stone.
The stone hits you but does no damage.
You see here a stone.
You start resting.
The goblin hits you with a club.
* * * LOW HITPOINT WARNING * * *
You see here a stone.
You take 2 damage, and have 5/12 hp.
You hit the goblin.
You kill the goblin!
The kobold closely misses you.
You hit the kobold but do no damage. You claw the kobold, but do no damage.
The kobold hits you with an enchanted short sword!
Ouch! That really hurt!
You die...

#.## .# #....#
#####..###.#.#....#
≈≈≈≈≈≈≈≈≈≈.#.#....##
≈≈≈≈≈≈≈≈≈≈≈#.#...).
≈≈≈≈≈≈≈≈≈≈≈≈.#....#
≈≈≈≈≈≈≈≈8≈≈≈.# ...
≈≈≈≈≈≈.≈≈≈≈≈.# #.#
≈≈≈≈≈.≈.≈≈≈≈.###(#
≈≈≈≈.≈≈≈.≈≈≈....@#####
≈≈≈<.≈≈≈≈)≈≈.####K...#
≈≈≈.>≈≈≈≈≈.≈.# #....#
≈≈≈.≈≈≈≈≈≈≈..# #....#
.≈.≈≈≈≈≈≈≈≈≈.# #....#
≈.≈≈≈≈≈≈≈≈≈≈## #....#
≈≈≈≈≈≈≈≈8≈≈≈# #....#
≈≈≈≈≈≈≈≈≈≈≈≈# #.....
≈≈≈≈≈≈≈≈≈≈≈## ###.###


You could see a kobold.

Vanquished Creatures
  A goblin (D:1)
  A hobgoblin (D:1)
2 creatures vanquished.

Notes
Turn   | Place    | Note
-------+----------+-------------------------------------------
     0 | D:1      | Monsterracer the Tengu Warper began the quest for the Orb.
     0 | D:1      | Reached XP level 1. HP: 12/12 MP: 4/4
     5 | D:1      | HP: 4/12 [hobgoblin/club (5)]
   213 | D:1      | HP: 5/12 [goblin/club (2)]
   215 | D:1      | Slain by a kobold

Action                   || total
-------------------------++-------
Melee: Mace              ||     5
       Kick              ||     3
Armor: Leather armour    ||     1
Dodge: Dodged            ||     4

Vault maps used:
D:1:      nzn_arrival_water_spiral
